 Dungeon Crawl Stone Soup version 0.32-a0-422-g28b100f618 (webtiles) character file.

Game seed: 14548207375724315089

10883 ezpacito the Trooper (level 11, -1/84 HPs)
             Began as a Demonspawn Chaos Knight on Feb 22, 2024.
             Was a Plaything of Xom.
             Succumbed to an orc warrior's poison
             ... on level 9 of the Dungeon.
             The game lasted 00:16:18 (8817 turns).

ezpacito the Trooper (Demonspawn Chaos Knight)      Turns: 8817, Time: 00:16:19

Health: -1/84      AC: 25    Str: 15    XL:     11   Next: 42%
Magic:  18/19      EV: 14    Int: 16    God:    Xom [.*....]
Gold:   417        SH:  5    Dex: 15    Spells: 0/21 levels left

rFire   . . .        E - +1 battleaxe (chaos)
rCold   + . .        (shield currently unavailable)
rNeg    + . .        t - +1 leather armour of Inquiry {+Inv rN+ Int+4}
rPois   .            G - +0 hat {SInv}
rElec   .            p - scarf {repulsion}
rCorr   .            K - +1 pair of gloves
SInv    +            (no boots)
Will    .....        v - amulet of reflection
Stlth   ++           g - +4 ring of protection
HPRegen 0.00/turn    f - +4 ring of protection
MPRegen 0.16/turn

%: random rage (3%), repel missiles, reflection
@: lethally poisoned (-1 -> -8), sanguine armoured, inhibited regen, studying
Staves
A: hooves 1, powered by death 1, spiny 1, sanguine armour 3, berserk 1, cold
resistance 1, deformed body, inhibited regeneration, MP-powered wands
a: Renounce Religion, Evoke Invisibility


You were on level 9 of the Dungeon.
You worshipped Xom.
You were a plaything of Xom.
You visited 2 branches of the dungeon, and saw 10 of its levels.
You also visited: Sewer.

You collected 442 gold pieces.
You spent 25 gold pieces at shops.

Inventory:

Hand Weapons
 a - a +2 hand axe of chaos
 B - a +0 war axe
 E - a +1 battleaxe of chaos (weapon)
 F - the +5 short sword "Tiusorch" {vamp, +Blink Str+4 Int+3 SInv}
   (You found it on level 6 of the Dungeon)

   Str+4:     It affects your strength (+4).
   Int+3:     It affects your intelligence (+3).
   SInv:      It lets you see invisible.
   +Blink:    It lets you blink.
 L - a +4 hand axe
Missiles
 i - 26 poisoned darts (quivered)
 j - a silver javelin
Armour
 b - an orb of energy
 k - an orb of light
 p - a scarf of repulsion (worn)
 t - the +1 leather armour of Inquiry (worn) {+Inv rN+ Int+4}
   (You found it on level 4 of the Dungeon)

   Int+4:     It affects your intelligence (+4).
   rN+:       It protects you from negative energy.
   +Inv:      It lets you turn invisible.
 z - a +1 cloak
 G - a +0 hat of see invisible (worn)
 K - a +1 pair of gloves (worn)
Jewellery
 f - a +4 ring of protection (right hand)
 g - a +4 ring of protection (left hand)
 h - a ring of protection from fire
 n - a ring of ice
 v - an amulet of reflection (around neck)
 x - the amulet of Departure {Acrobat Str+9 Dex-3 Slay-3}
   (Xom gifted it to you on level 5 of the Dungeon)

   [amulet of the acrobat]

   Acrobat:   It increases your evasion while moving and waiting.
   Str+9:     It affects your strength (+9).
   Dex-3:     It affects your dexterity (-3).
   Slay-3:    It affects your accuracy & damage with ranged weapons and melee
   (-3).
Talismans
 o - a flux talisman
 q - a beast talisman
Wands
 s - a wand of flame (31)
 w - a wand of mindburst (12)
 y - a wand of light (13)
 J - a wand of digging (3)
Scrolls
 d - a scroll of noise
 r - a scroll of blinking
 u - a scroll of identify
 A - 4 scrolls of enchant armour
 C - a scroll of immolation
 I - a scroll of teleportation
Potions
 e - 2 potions of attraction
 l - 3 potions of cancellation
 m - 2 potions of brilliance


   Skills:
 * Level 7.4 Fighting
 * Level 6.6 Axes
 + Level 3.3 Throwing
 * Level 6.2 Armour
 * Level 6.1 Dodging
 + Level 4.3 Stealth
 + Level 3.9 Unarmed Combat
 * Level 5.8 Spellcasting
 * Level 4.6 Necromancy
 + Level 1.6 Alchemy
 + Level 3.6 Evocations
 + Level 3.2 Shapeshifting


You couldn't memorise any spells.
You knew the following spells:

 Your Spells              Type           Power      Damage    Failure   Level
a - Necrotise             Necr           76%        1d7       2%          1
b - Animate Dead          Necr           19%        N/A       24%         4
c - Death Channel         Necr           9%         N/A       98%         6
d - Borgnjor's Vile Clut  Necr/Erth      6%         N/A       87%         5
e - Cigotuvi's Dreadful   Necr/Alch/Air  22%        N/A       11%         2
f - Sting                 Conj/Alch      28%        1d4       12%         1
g - Mercury Vapours       Alch/Air       14%        N/A       19%         2

Your spell library contained the following spells:

 Spells                   Type           Power      Damage    Failure   Level
 Apportation              Tloc           8%         N/A       17%         1
 Sandblast                Erth           8%         2d5       17%         1
 Summon Small Mammal      Summ           16%        N/A       17%         1
 Passwall                 Erth           4%         N/A       45%         3
 Stone Arrow              Conj/Erth      8%         3d7       45%         3
 Tukima's Dance           Hex            4%         N/A       45%         3
 Olgreb's Toxic Radiance  Alch           10%        N/A       63%         4
 Ignite Poison            Fire/Alch      7%         N/A       75%         4
 Brom's Barrelling Bould  Conj/Erth      4%         2d3       86%         4
 Passage of Golubria      Tloc           4%         N/A       86%         4
 Yara's Violent Unravell  Hex/Alch       3%         3d4       97%         5
 Freezing Cloud           Conj/Ice/Air   2%         6-21      99%         5


Dungeon Overview and Level Annotations

Branches:
Dungeon (9/15)             Temple (1/1) D:5            Lair (0/5) D:8
    Orc (0/2) D:9           Sewer (visited)

Altars:
Ashenzari
Cheibriados
Dithmenos
Fedhas
Gozag
Hepliaklqana
Kikubaaqudgha
Makhleb
Nemelex Xobeh
Okawaru
Qazlal
Ru
Sif Muna
Trog
Uskayaw
Vehumet
Wu Jian
Xom
Yredelemnul

Shops:
D:4 =   D:7 *

Annotations:
D:9 Erica


Innate Abilities, Weirdness & Mutations

You have large cloven feet.
You regenerate a little health from kills.
You are partially covered in sharp spines.
When seriously injured, your blood forms very thick armour. (AC +12)
You sometimes lose your temper in combat.
Your flesh is cold resistant. (rC+)
Armour fits poorly on your strangely shaped body.
You do not regenerate when monsters are visible.
You expend magic power (3 MP) to strengthen your wands.


Message History

You are lethally poisoned!
Okay, then.
Okay, then.
Blink to where?
Press: ? - help, Dir - move target Erica the Fiery-Tempered comes into view.
She is wielding a +0 scimitar of flaming.
As you read the scroll of blinking, it crumbles to dust.
* * * LOW HITPOINT WARNING * * *
You feel very sick.
Erica shouts!
Okay, then.
Okay, then.
Casting: Cigotuvi's Dreadful Rot (safe; 11% risk of failure)
Confirm with . or Enter, or press ? or * to list all spells.
Aiming: Necrotise (safe; 2% risk of failure)
Press: ? - help, Shift-Dir - straight line, f - Erica
Aim: Erica, wielding a +0 scimitar of flaming and wearing a ring of see invisible (chance to affect: 62%) Erica writhes in agony.
* * * LOW HITPOINT WARNING * * *
You feel very sick.
You slash Erica! You burn Erica.
Erica is heavily wounded.
* * * LOW HITPOINT WARNING * * *
You feel very sick. Something misses your butterfly.
Erica hits you but does no damage.
Something closely misses your butterfly.
Unknown command.
You slash Erica! You burn Erica. You kick Erica.
Erica is heavily wounded.
* * * LOW HITPOINT WARNING * * *
You feel very sick. You block Erica's attack.
Something barely misses your butterfly. Something hits your butterfly!!
Your butterfly dies!
Your butterfly disappears in a burst of colours!
Erica barely misses you.
You miss Erica. Your kick misses Erica.
Erica is heavily wounded.
You die...
Xom titters!

........# ##'##
####.#### #..# #. ###.##
####...# #....###
##b###### #
#bb.b.bb######
....#######bbbbbb.b....#
#....x@.##...).bb####.
#.#####.bbbbbbb.b#


####bbbobbb# #.bbb.oo.# ######b#.# o ....b. o # # ....... # #. ........ #
####.###### ....... You could see Erica and an orc warrior (ally target).

Vanquished Creatures
  Gastronok (D:9)
  A two-headed ogre (D:5)
  Pikel (D:8)
  An oklob plant (D:7)
  Joseph (D:8)
  Jeremiah (D:9)
  A hornet (D:8)
  2 wyverns
  11 yaks
  2 vampires
  A fire bat (D:5)
  3 steam dragons
  3 orc warriors
  3 ice beasts
  A black bear (D:6)
  3 centaurs
  A crocodile (Sewer)
  4 ogres
  A boggart (D:7)
  A wolf (D:7)
  3 kobold brigands (Sewer)
  3 bullfrogs
  A brain worm (Sewer)
  A scorpion (D:4)
  11 wights
  17 killer bees
  4 howler monkeys
  A bombardier beetle (D:5)
  An orc priest (D:9)
  8 hounds
  8 jellies
  Terence (D:3)
  3 iguanas
  An orc wizard (D:7)
  7 gnolls
  10 adders
  6 river rats
  2 shadow imps
  2 white imps (D:7)
  An ufetubus (D:5)
  3 dart slugs
  7 ribbon worms
  20 orcs
  3 bats
  25 endoplasms
  4 giant cockroaches
  12 goblins
  6 hobgoblins
  8 jackals
  10 kobolds
  7 ball pythons
  4 frilled lizards
  8 rats
251 creatures vanquished.

Vanquished Creatures (collateral kills)
  An orc warrior (D:8)
  A lemure (D:8)
  A howler monkey (D:7)
  An orc priest (D:8)
  2 orc wizards (D:8)
  3 orcs (D:8)
9 creatures vanquished.

Grand Total: 260 creatures vanquished

Notes
Turn   | Place    | Note
-------+----------+-------------------------------------------
     0 | D:1      | ezpacito the Demonspawn Chaos Knight began the quest for
                  | the Orb.
     0 | D:1      | Reached XP level 1. HP: 18/18 MP: 1/1
    19 | D:1      | XOM: silly message
    34 | D:1      | Reached skill level 1 in Dodging
    58 | D:1      | Gained mutation: You are partially covered in sharp spines.
                  | [demonic ancestry]
    58 | D:1      | Reached XP level 2. HP: 22/23 MP: 2/2
    98 | D:1      | XOM: noise
   121 | D:1      | XOM: cloud trail
   173 | D:1      | XOM: enchant monster (bad)
   197 | D:1      | XOM: noise
   268 | D:1      | Gained mutation: You have large cloven feet. [demonic
                  | ancestry]
   268 | D:1      | Reached XP level 3. HP: 29/29 MP: 4/4
   407 | D:1      | Reached skill level 1 in Spellcasting
   411 | D:1      | XOM: 1-stop teleportation journey
   505 | D:1      | XOM: smoke on damage
   566 | D:1      | XOM: cloud trail
   597 | D:1      | XOM: silly message
   880 | D:2      | XOM: 2-stop teleportation journey
   886 | D:2      | Gained mutation: When seriously injured, your blood forms
                  | armour. (AC +12) [demonic ancestry]
   886 | D:2      | Reached XP level 4. HP: 35/35 MP: 5/5
   943 | D:2      | XOM: 3-stop teleportation journey
  1573 | D:3      | Noticed Terence
  1573 | D:3      | XOM: cast spell 'Alistair's Intoxication'
  1574 | D:3      | XOM: silly message
  1583 | D:3      | Killed Terence
  1634 | D:3      | Gained mutation: You regenerate a little health from kills.
                  | [demonic ancestry]
  1634 | D:3      | Reached XP level 5. HP: 42/42 MP: 7/7
  1648 | D:3      | Reached skill level 1 in Stealth
  1726 | D:3      | Found a glowing drain.
  1734 | Sewer    | Entered a sewer
  1780 | Sewer    | Reached skill level 1 in Unarmed Combat
  1780 | Sewer    | Reached XP level 6. HP: 48/48 MP: 7/9
  1896 | Sewer    | Reached skill level 4 in Fighting
  1896 | Sewer    | Reached skill level 1 in Throwing
  1949 | Sewer    | XOM: potion effect (berserk rage)
  1959 | Sewer    | Reached skill level 1 in Shapeshifting
  1964 | Sewer    | XOM: potion effect (attraction)
  1967 | Sewer    | Gained mutation: When seriously injured, your blood forms
                  | thick armour. (AC +12) [demonic ancestry]
  1967 | Sewer    | Reached XP level 7. HP: 31/54 MP: 6/10
  2455 | D:3      | Found an ornate altar of the Wu Jian Council.
  2619 | D:4      | Identified the +1 leather armour of Inquiry {+Inv rN+
                  | Int+4}
  2871 | D:4      | Found Sekatsiaq's Jewellery Emporium.
  2953 | D:4      | XOM: divination: magic mapping
  2954 | D:4      | XOM: blink monster(s)
  3011 | D:4      | Reached XP level 8. HP: 28/61 MP: 12/12
  3279 | D:4      | XOM: cloud trail
  3431 | D:5      | Entered Level 5 of the Dungeon
  3450 | D:5      | XOM: polymorph white imp -> ufetubus
  3453 | D:5      | XOM: scenery: summon butterflies
  3780 | D:5      | Identified the amulet of Departure {Acrobat Str+9 Dex-3
                  | Slay-3} (Xom gifted it to you on level 5 of the Dungeon)
  3780 | D:5      | XOM: god gift: amulet of Departure {Acrobat Str+9 Dex-3
                  | Slay-3}
  3789 | D:5      | Reached skill level 1 in Evocations
  3818 | D:5      | Noticed a two-headed ogre
  3824 | D:5      | XOM: summons friendly quasit
  3827 | D:5      | XOM: confuse monster(s)
  3827 | D:5      | Killed a two-headed ogre
  3828 | D:5      | Reached skill level 5 in Fighting
  3835 | D:5      | Reached XP level 9. HP: 30/68 MP: 14/14
  3857 | D:5      | XOM: 1-stop teleportation journey
  3959 | D:5      | XOM: 3-stop teleportation journey
  4386 | D:5      | Found a staircase to the Ecumenical Temple.
  4481 | D:5      | XOM: give mutation
  4481 | D:5      | Gained mutation: Your flesh is cold resistant. (rC+) [Xom's
                  | grace]
  4521 | Temple   | Entered the Ecumenical Temple
  4621 | D:6      | XOM: scenery: summon butterflies
  4660 | D:6      | XOM: 1-stop teleportation journey
  4672 | D:6      | Reached skill level 5 in Axes
  4816 | D:6      | Identified the +5 short sword "Tiusorch" {vamp, +Blink
                  | Str+4 Int+3 SInv}
  4930 | D:6      | XOM: god gift: book of Cantrips
  5055 | D:6      | XOM: god gift: book of Unlife
  5059 | D:6      | Learned a level 1 spell: Necrotise
  5064 | D:6      | Learned a level 4 spell: Animate Dead
  5071 | D:6      | Learned a level 6 spell: Death Channel
  5077 | D:6      | Learned a level 5 spell: Borgnjor's Vile Clutch
  5084 | D:6      | Found a shadowy altar of Dithmenos.
  5274 | D:6      | XOM: cast spell 'Summon Cactus Giant'
  5725 | D:7      | XOM: summons friendly shadow imp
  5727 | D:7      | Reached skill level 6 in Fighting
  5727 | D:7      | Reached skill level 1 in Necromancy
  5729 | D:7      | XOM: enchant monster (good)
  5745 | D:7      | Reached skill level 5 in Armour
  5781 | D:6      | XOM: give mutations
  5781 | D:6      | Gained mutation: Armour fits poorly on your strangely
                  | shaped body. [Xom's mischief]
  5781 | D:6      | Gained mutation: You occasionally lose the ability to read
                  | scrolls when taking damage. [Xom's mischief]
  5781 | D:6      | Gained mutation: You do not regenerate when monsters are
                  | visible. [Xom's mischief]
  5872 | D:7      | XOM: confusion (+ monsters)
  6105 | D:7      | Gained mutation: When seriously injured, your blood forms
                  | very thick armour. (AC +12) [demonic ancestry]
  6105 | D:7      | Reached XP level 10. HP: 74/76 MP: 17/17
  6144 | D:7      | XOM: polymorph jelly -> boggart
  6146 | D:7      | Reached skill level 5 in Dodging
  6155 | D:7      | Reached skill level 5 in Spellcasting
  6276 | D:7      | XOM: 1-stop teleportation journey
  6277 | D:7      | XOM: silly message
  6378 | D:7      | XOM: 3-stop teleportation journey
  6430 | D:7      | Found Orghuv's Assorted Antiques.
  6434 | D:7      | Bought a red potion for 25 gold pieces
  6445 | D:7      | Noticed an oklob plant
  6557 | D:7      | Killed an oklob plant
  6932 | D:7      | Learned a level 2 spell: Cigotuvi's Dreadful Rot
  6934 | D:7      | Learned a level 1 spell: Sting
  6980 | D:8      | XOM: stealth player
  7058 | D:8      | Noticed Joseph
  7071 | D:8      | Killed Joseph
  7154 | D:8      | XOM: draining
  7204 | D:8      | XOM: fake destruction
  7220 | D:8      | XOM: god gift: silver javelin
  7353 | D:8      | Found a staircase to the Lair.
  7550 | D:8      | Noticed Pikel
  7558 | D:8      | Killed Pikel
  7559 | D:8      | Reached skill level 7 in Fighting
  7559 | D:8      | Reached skill level 1 in Alchemy
  7619 | D:8      | XOM: god gift: bubbling golden potion {god gift}
  7725 | D:8      | Found a shimmering blue altar of Sif Muna.
  7785 | D:8      | XOM: give mutation
  7785 | D:8      | Gained mutation: You expend magic power (3 MP) to
                  | strengthen your wands. [Xom's grace]
  7797 | D:8      | XOM: cast spell 'Death Channel'
  7800 | D:8      | Reached XP level 11. HP: 84/84 MP: 19/19
  7828 | D:8      | XOM: give mutations
  7828 | D:8      | Lost mutation: You occasionally lose the ability to read
                  | scrolls when taking damage. [Xom's mischief]
  7828 | D:8      | Gained mutation: You sometimes lose your temper in combat.
                  | [Xom's mischief]
  7849 | D:8      | Found an ancient bone altar of Kikubaaqudgha.
  7854 | D:8      | Found a shimmering blue altar of Sif Muna.
  8182 | D:9      | Found a sparkling altar of Nemelex Xobeh.
  8210 | D:9      | XOM: scenery: 2 doors open, 1 doors close
  8319 | D:9      | Noticed Gastronok
  8321 | D:9      | XOM: divination: detect creatures
  8333 | D:9      | XOM: divination: detect items
  8335 | D:9      | XOM: 8-stop teleportation journey
  8348 | D:9      | Killed Gastronok
  8512 | D:9      | Noticed Jeremiah
  8536 | D:9      | XOM: confuse monster(s)
  8539 | D:9      | Killed Jeremiah
  8545 | D:9      | XOM: silly message
  8778 | D:9      | Learned a level 2 spell: Mercury Vapours
  8808 | D:9      | Found a staircase to the Orcish Mines.
  8813 | D:9      | Noticed Erica
  8815 | D:9      | HP: 4/84 [poisoned by an orc warrior]
  8816 | D:9      | HP: 1/84 [poisoned by an orc warrior]
  8817 | D:9      | Succumbed to an orc warrior's poison

Illustrated notes

Levels and vault maps discovered:
D:1:      lightli_arrival_noodles, layout_loops_cross
D:2:      layout_loops_ring
D:3:      layout_rooms, mainiacjoe_overflow_alcove_4, lightli_sewer_entry_pipes,
          uniq_terence
D:4:      minmay_bubble_buster, layout_basic, serial_shops, shop,
          hangedman_abyss_or_decor_slice
D:5:      layout_loops_corners, minmay_temple_entry_enclosed_plants
D:6:      layout_loops_corners, nicolae_dithmenos_through_a_glass_darkly
D:7:      lemuel_slime, layout_rooms, mainiacjoe_overflow_alcove_1,
          serial_shops, nicolae_shop_back_alley_shop
D:8:      layout_loops_ring, mainiacjoe_overflow_big_doors, lair_entry_dummy,
          serial_library_hellmonk_narrow_alcove, uniq_joseph, uniq_pikel
D:9:      layout_roguey [special_room_orc], kennysheep_little_box, david_orc_3,
          uniq_jeremiah, uniq_erica, uniq_gastronok
Temple:   nicolae_temple_x_marks_the_god

Skill      XL: |  1  2  3  4  5  6  7  8  9 10 11 |
---------------+----------------------------------+-----
Dodging        | 1 2 3 4 5 6 |  6.1
Armour         | 2 3 4 5 6 |  6.2
Spellcasting   | 1 2 3 4 5 |  5.8
Axes           | 3 4 5 6 |  6.6
Stealth        | 1 2 3 4 |  4.3
Unarmed Combat | 1 2 3 |  3.9
Fighting       | 4 5 6 7 |  7.4
Throwing       | 1 2 3 |  3.3
Shapeshifting  | 1 2 3 |  3.2
Evocations     | 1 2 3 |  3.6
Necromancy     | 2 3 4 |  4.6
Alchemy        | 1 |  1.6

Action                     |  1- 3 |  4- 6 |  7- 9 | 10-12 || total
---------------------------+-------+-------+-------+-------++-------
  Melee: Hand axe          |    50 |   139 |   259 |   132 ||   580
         Kick              |     6 |    25 |    82 |    76 ||   189
         Battleaxe         |       |       |       |   112 ||   112
   Cast: Cigotuvi's Dreadf |       |       |       |     1 ||     1
         Necrotise         |       |       |       |     1 ||     1
  Evoke: Wand              |       |       |     4 |    30 ||    34
    Use: Scroll            |     3 |     3 |     8 |     8 ||    22
         Potion            |       |     3 |     7 |    10 ||    20
   Stab: Sleeping          |     1 |       |     8 |     3 ||    12
         Confused          |       |     1 |     1 |       ||     2
         Distracted        |       |       |     1 |       ||     1
 Armour: Leather armour    |    28 |    77 |   153 |   157 ||   415
  Dodge: Dodged            |    28 |    64 |   135 |   166 ||   393
         Repelled          |       |     3 |     2 |     1 ||     6
  Block: Other             |       |       |    35 |    63 ||    98
         Reflection        |       |       |     1 |       ||     1

Table legend: (Time is in decaauts)
 A = Elapsed time spent in this place.
 B = Non-inter-level travel time spent in this place.
 C = Inter-level travel time spent in this place.
 D = Time resting spent in this place.
 E = Time spent auto-exploring this place.
 F = Levels seen in this place.
 G = Mean time per level.
                   A        B        C        D        E       F      G
               +--------+--------+--------+--------+--------+-----+--------+
         Total |   9082 |   8743 |    339 |    323 |   6386 |  11 |  825.6 |
       Dungeon |   8300 |   7962 |    338 |    310 |   5851 |   9 |  922.2 |
        Temple |      1 |      0 |      1 |      0 |      0 |   1 |    1.0 |
         Sewer |    781 |    781 |      0 |     13 |    535 |   1 |  781.0 |
               +--------+--------+--------+--------+--------+-----+--------+

Top non-repeatable levels by time:
     D:7: 1225 daAuts
     D:6: 1200 daAuts
     D:8: 1182 daAuts
     D:5: 1129 daAuts
     D:4: 858 daAuts
   Sewer: 781 daAuts
     D:2: 727 daAuts
     D:1: 722 daAuts
     D:9: 709 daAuts
     D:3: 545 daAuts
  Temple: 1 daAuts
